 Dungeon Crawl Stone Soup version 0.28.0-1-gb440e238dd (webtiles) character file.

Game seed: 5255626495497518081

80 Woods the Cudgeller (level 4, -6/28 HPs)
             Began as a Gargoyle Fighter on Feb 25, 2022.
             Mangled by a gnoll (7 damage)
             ... on level 2 of the Dungeon.
             The game lasted 00:02:38 (1975 turns).

Woods the Cudgeller (Gargoyle Fighter)              Turns: 1975, Time: 00:02:39

Health: -6/28      AC: 10    Str: 20    XL:     4   Next: 39%
Magic:  4/4        EV:  9    Int:  8    God:
Gold:   51         SH:  4    Dex: 11    Spells: 3/3 levels left

rFire   . . .      SeeInvis .   a - +0 flail
rCold   . . .      Faith    .   c - +0 buckler
rNeg    + . .      Spirit   .   b - +0 scale mail
rPois   ∞          Reflect  .   (no helmet)
rElec   +          Harm     .   (no cloak)
rCorr   .          Rampage  .   (no gloves)
Will    .....                   (no boots)
Stlth   ..........              (no amulet)
HPRegen 0.09/turn               (no ring)
MPRegen 0.09/turn               (no ring)

@: no status effects
A: sickness immunity, AC +3, negative energy resistance 1, electricity
resistance, torment resistance 1, petrification resistance
a: no special abilities


You were on level 2 of the Dungeon.
You visited 1 branch of the dungeon, and saw 2 of its levels.

You collected 51 gold pieces.

Inventory:

Hand Weapons
 a - a +0 flail (weapon)
Missiles
 e - a throwing net (quivered)
Armour
 b - a +0 scale mail (worn)
 c - a +0 buckler (worn)
Scrolls
 f - a scroll of vulnerability {unknown}
 g - 2 scrolls of identify {unknown}
Potions
 d - a potion of might
 h - a potion of attraction {unknown}


   Skills:
 - Level 3.3 Fighting
 + Level 4.4 Maces & Flails
 - Level 3.3 Armour
 - Level 3.3 Shields


You had 3 spell levels left.
You didn't know any spells.
Your spell library was empty.

Dungeon Overview and Level Annotations

Branches:
Dungeon (2/15)

Altars:
Uskayaw


Innate Abilities, Weirdness & Mutations

You are immune to sickness and miasma.
Your stone body is resilient. (AC +3)
You are immune to poison.
You resist negative energy. (rN+)
You are resistant to electric shocks. (rElec)
You are resistant to unholy torment.
You are immune to petrification.


Message History

The worm is severely wounded.
The worm bites you!
You hit the worm but do no damage.
The worm is heavily wounded.
You hit the worm.
The worm is severely wounded.
The worm bites you.
You sock the worm!
You kill the worm!
An endoplasm is nearby!
An endoplasm is nearby!
An endoplasm is nearby!
Things that are here:
a +0 short sword; 3 stones You start resting.
A gnoll comes into view.
It is wielding a +0 spear and wearing the +1 leather armour of Muttered Phrases {Drain rElec rN+++ Int-4}.
Found a robe.
The gnoll shouts!
The gnoll hits you but does no damage.
You hit the gnoll but do no damage. The gnoll hits you but does no damage.
You barely miss the gnoll. The gnoll closely misses you.
The gnoll drinks a potion.
The gnoll flickers and vanishes!
Deactivating autopickup; reactivate with Ctrl-A.
You hit something but do no damage. You block something's attack.
You closely miss something. Something hits you.
You barely miss something. Something hits you but does no damage.
You hit something. Something hits you.
You barely miss something. Something hits you.
Something hits you but does no damage.
You closely miss something. Something hits you but does no damage.
You hit something but do no damage. Something hits you but does no damage.
You miss something. Something hits you but does no damage.
You closely miss something. Something hits you!
* * * LOW HITPOINT WARNING * * *
You hit something but do no damage. Something hits you.
* * * LOW HITPOINT WARNING * * *
Something hits you.
* * * LOW HITPOINT WARNING * * *
Something hits you!
You die...

#.#.. #... #
#.####..## #.
.<........ ..##.#####
#.####..## .........
#..J..# .[....{.#
####.###.## #.#
#.......†.. ##@##
##.##.###.#.
#...####...#.###.#.
#..#...)......#.....
.......####...###..###
######..............#
###............#
............#
.###...#.#..### #.#
#.<.#.#.....


There were no monsters in sight!

Vanquished Creatures
  4 gnolls
  A worm (D:2)
  2 dart slugs (D:2)
  4 ball pythons
  4 bats
  An endoplasm (D:1)
  A giant cockroach (D:1)
  5 goblins
  4 hobgoblins (D:1)
  2 quokkas
  A frilled lizard (D:2)
  3 kobolds
  A rat (D:1)
33 creatures vanquished.

Notes
Turn   | Place    | Note
-------+----------+-------------------------------------------
     0 | D:1      | Woods the Gargoyle Fighter began the quest for the Orb.
     0 | D:1      | Reached XP level 1. HP: 14/14 MP: 1/1
   337 | D:1      | Reached skill level 3 in Maces & Flails
   337 | D:1      | Reached XP level 2. HP: 18/19 MP: 2/2
   542 | D:1      | Reached XP level 3. HP: 17/23 MP: 3/3
  1003 | D:2      | Found a hide-covered altar of Uskayaw.
  1365 | D:2      | Reached skill level 4 in Maces & Flails
  1365 | D:2      | Reached XP level 4. HP: 20/28 MP: 4/4
  1961 | D:2      | Identified the +1 leather armour of Muttered Phrases {Drain
                  | rElec rN+++ Int-4}
  1974 | D:2      | HP: 1/28 [something (2)]
  1975 | D:2      | Mangled by a gnoll

Illustrated notes

Levels and vault maps discovered:
D:1:      heliophobic_arrival_battle_scene, layout_rooms
D:2:      layout_loops_ring, basic_altar

Skill      XL: |  1  2  3 |
---------------+----------+-----
Maces & Flails | 3 4 |  4.4
Fighting       | |  3.3
Armour         | |  3.3
Shields        | |  3.3

Action                   |  1- 3 |  4- 6 || total
-------------------------+-------+-------++-------
Melee: Flail             |    93 |    41 ||   134
Armor: Scale mail        |    52 |    16 ||    68
Dodge: Dodged            |    72 |    15 ||    87
Block: Buckler           |    23 |     4 ||    27
